Map: Ascension to Aiur LE

Players

TLO - Winner!

  • Race: Zerg Zerg
  • Spawn Location: 5:00

MaNa

  • Race: Protoss Protoss
  • Spawn Location: 11:00

Event: WCS Montreal 2017

VOD

Have the link to the VOD?

Description

Time

  • Played on: Sept. 8, 2017, 12:31 p.m.
  • Length: 15:16

All games in this series

Show
View Real Time Build Order
Export as new Build Order

TLO Zerg - Winner!

Build Orders: Hatch First, Lurkers 

Get SALT Encoding   

  12  0:00  Drone  
  13  0:13  Overlord  
  13  0:18  Drone  
  14  0:32  Drone  
  14  0:33  Drone  
  16  0:38  Drone  
  17  0:47  Drone  
  18  0:55  Hatchery  
  17  1:07  Spawning Pool  
  17  1:11  Drone  
  17  1:16  Drone  
  17  1:18  Drone  
  19  1:28  Extractor  
  19  1:29  Drone  
  19  1:39  Overlord  
  19  1:54  Queen  
  19  1:57  Zergling x2  
  22  2:03  Zergling x2  
  22  2:06  Queen  
  22  2:07  Drone  
  26  2:12  Drone  
  27  2:17  Drone  
  28  2:26  Hatchery  
  28  2:27  Drone  
  28  2:31  Drone  
  29  2:38  Queen  
  29  2:42  Drone  
  32  2:49  Overlord  
  32  2:51  Drone  
  33  2:53  Drone  
  33  2:55  Drone  
  35  2:59  Metabolic Boost  
  35  3:05  Zergling x2  
  36  3:08  Drone x2  
  36  3:10  Drone  
  36  3:11  Drone  
  40  3:17  Drone  
  41  3:21  Drone  
  41  3:22  Drone  
  41  3:26  Spore Crawler  
  42  3:27  Spore Crawler  
  42  3:32  Drone  
  42  3:34  Drone  
  42  3:38  Spore Crawler, Drone  
  42  3:39  Drone  
  43  3:42  Drone  
  43  3:43  Drone  
  43  3:45  Overlord, Drone  
  47  3:48  Drone x2  
  47  3:51  Drone  
  47  3:53  Overlord  
  49  3:57  Overlord  
  49  4:02  Overlord  
  49  4:04  Drone  
  49  4:05  Drone  
  49  4:07  Drone  
  52  4:11  Zergling x2  
  52  4:16  Drone x2  
  52  4:17  Drone, Zergling x2  
  56  4:18  Zergling x2  
  56  4:19  Drone  
  56  4:20  Zergling x4  
  56  4:21  Drone  
  56  4:23  Drone  
  63  4:24  Drone  
  63  4:25  Drone  
  63  4:30  Drone, Zergling x2  
  67  4:34  Evolution Chamber  
  67  4:35  Zergling x2  
  67  4:41  Hatchery  
  67  4:45  Spore Crawler, Drone, Zergling x2  
  68  4:46  Drone  
  68  4:47  Drone  
  68  4:49  Drone  
  68  4:50  Drone  
  71  4:53  Extractor x2  
  71  4:55  Lair  
  71  4:57  Overlord  
  71  4:58  Drone  
  70  5:01  Drone  
  70  5:03  Zerg Melee Weapons Level 1  
  71  5:08  Baneling Nest, Drone x2  
  71  5:09  Extractor  
  71  5:10  Drone  
  71  5:12  Drone  
  73  5:17  Drone  
  73  5:18  Drone x2  
  76  5:24  Overlord  
  76  5:25  Drone  
  76  5:26  Drone x2  
  78  5:28  Drone  
  78  5:29  Drone  
  78  5:31  Drone  
  78  5:34  Drone  
  81  5:35  Extractor, Overlord  
  81  5:36  Extractor  
  81  5:41  Overlord  
  78  5:43  Drone  
  78  5:44  Zergling x2  
  78  5:46  Queen  
  78  5:49  Zergling x2  
  82  5:50  Zergling x4  
  82  5:53  Zergling x4  
  82  5:54  Zergling x2  
  82  5:56  Zergling x2  
  86  5:57  Hydralisk Den  
  86  5:58  Queen  
  86  5:59  Zergling x2  
  86  6:01  Zergling x2  
  86  6:02  Overseer  
  85  6:05  Zergling x2  
  85  6:07  Zergling x6  
  85  6:08  Zergling x4  
  85  6:09  Zergling x2  
  92  6:14  Queen  
  92  6:15  Drone x2  
  92  6:16  Drone  
  97  6:19  Zergling x2  
  97  6:21  Drone, Zergling x2  
  97  6:25  Centrifical Hooks  
  100  6:26  Muscular Augments  
  100  6:29  Hydralisk  
  100  6:30  Hydralisk x3  
  100  6:32  Hydralisk  
  108  6:33  Spore Crawler  
  108  6:35  Hydralisk  
  108  6:38  Overlord  
  111  6:41  Baneling x7  
  111  6:44  Overlord  
  111  6:45  Zergling x2  
  112  6:48  Overlord, Baneling x2  
  112  7:00  Hydralisk x2  
  112  7:01  Hydralisk  
  112  7:02  Hydralisk x3  
  112  7:04  Hydralisk  
  112  7:06  Drone  
  117  7:13  Hydralisk x3  
  117  7:15  Hydralisk  
  123  7:19  Zergling x6  
  123  7:20  Drone  
  123  7:21  Extractor  
  123  7:22  Zergling x2  
  129  7:31  Zergling x10  
  129  7:34  Hydralisk  
  129  7:36  Zergling x2  
  132  7:37  Zergling x6  
  132  7:38  Zergling x2  
  132  7:39  Zergling x4  
  132  7:41  Zergling x2  
  132  7:43  Zergling x2  
  132  7:44  Zergling x2  
  132  7:45  Drone, Zergling x2  
  132  7:46  Drone x3  
  132  7:50  Drone x2  
  133  7:53  Hydralisk  
  135  7:58  Overlord  
  135  7:59  Overlord  
  135  8:00  Zerg Melee Weapons Level 2  
  135  8:11  Overlord  
  135  8:13  Baneling  
  135  8:14  Baneling x8  
  135  8:17  Baneling x15  
  135  8:18  Baneling x2  
  135  8:19  Zergling x2  
  136  8:20  Zergling x2  
  136  8:22  Hydralisk  
  136  8:24  Hydralisk  
  136  8:26  Zergling x2  
  138  8:30  Zergling x6  
  141  8:34  Hydralisk x2  
  141  8:37  Hydralisk  
  141  8:40  Hydralisk x2  
  151  8:41  Hydralisk  
  151  8:43  Hydralisk  
  151  8:45  Hydralisk  
  151  8:48  Hydralisk  
  140  8:50  Hydralisk  
  140  8:51  Zergling x2  
  140  8:53  Zergling x4  
  140  8:55  Hydralisk  
  144  8:57  Hydralisk  
  144  8:58  Zergling x2  
  144  9:00  Zergling x2  
  144  9:02  Zergling x4  
  143  9:03  Hydralisk  
  143  9:05  Hydralisk  
  143  9:07  Hydralisk  
  143  9:09  Zergling x2  
  131  9:11  Hydralisk  
  131  9:16  Lurker Den  
  130  9:17  Zergling x6  
  130  9:19  Drone  
  130  9:20  Zergling x2  
  130  9:21  Zergling x2  
  130  9:23  Zergling x2  
  137  9:24  Baneling x4  
  137  9:25  Baneling  
  137  9:35  Baneling  
  137  9:37  Baneling x5  
  137  9:38  Zergling x4  
  139  9:41  Baneling x4  
  139  9:42  Hatchery  
  139  9:43  Zergling x4  
  139  9:44  Zergling x2  
  141  9:45  Zergling x2  
  141  9:47  Zergling x2  
  141  9:48  Zergling x2  
  141  9:49  Zergling x2  
  141  9:51  Zergling x2  
  141  9:52  Zergling x2  
  146  9:53  Zergling x2  
  146  9:54  Baneling x2  
  146  9:55  Zergling x2  
  146  9:56  Zergling x2  
  147  10:01  Hydralisk  
  147  10:02  Zergling x4  
  147  10:03  Zergling x4  
  147  10:04  Zergling x2  
  147  10:06  Zergling x4  
  150  10:07  Zergling x2  
  150  10:10  Zergling x2  
  150  10:11  Hydralisk  
  150  10:13  Zergling x2  
  150  10:15  Zergling x2  
  150  10:16  Zergling x4  
  150  10:17  Zergling x2  
  150  10:18  Zergling x2  
  150  10:21  Hydralisk  
  143  10:26  Hydralisk  
  143  10:28  Hydralisk  
  121  10:29  Hydralisk  
  121  10:31  Hydralisk  
  121  10:34  Zergling x2  
  117  10:39  Hydralisk  
  117  10:41  Hydralisk  
  117  10:42  Hydralisk  
  103  10:46  Hydralisk  
  103  10:49  Hydralisk  
  101  10:50  Hydralisk  
  101  10:51  Queen  
  101  10:53  Drone  
  101  10:56  Hydralisk  
  102  11:00  Pneumatized Carapace  
  102  11:01  Hydralisk  
  102  11:02  Drone  
  104  11:04  Drone  
  104  11:05  Drone x2  
  104  11:06  Drone  
  104  11:08  Baneling x4  
  104  11:09  Baneling  
  107  11:12  Hydralisk  
  107  11:14  Zerg Missile Weapons Level 1  
  107  11:15  Lurker  
  107  11:17  Hydralisk  
  112  11:19  Drone  
  112  11:20  Hydralisk  
  112  11:25  Hydralisk x2  
  119  11:31  Hydralisk x2  
  119  11:32  Hydralisk  
  123  11:34  Hydralisk  
  123  11:37  Hydralisk  
  127  11:41  Drone  
  127  11:44  Drone  
  127  11:45  Drone x3  
  131  11:47  Zergling x4  
  131  11:49  Lurker x2  
  131  11:50  Zergling x4  
  136  11:57  Zergling x4  
  136  11:59  Zergling x4  
  136  12:01  Hydralisk  
  139  12:05  Zergling x2  
  139  12:06  Queen  
  139  12:07  Spore Crawler, Zergling x2  
  139  12:08  Zergling x2  
  145  12:12  Hydralisk  
  145  12:13  Hydralisk  
  149  12:16  Zergling x2, Lurker  
  149  12:17  Lurker  
  149  12:18  Zergling x2  
  149  12:20  Hydralisk  
  149  12:21  Zergling x2  
  157  12:22  Zergling x2  
  157  12:23  Overseer  
  157  12:30  Overlord  
  157  12:31  Overlord x2  
  157  12:33  Overseer  
  157  12:34  Overlord  
  157  12:38  Overlord  
  157  12:41  Baneling x5  
  157  12:43  Overlord  
  157  12:50  Hydralisk x3  
  161  12:52  Hydralisk  
  161  12:56  Hydralisk  
  161  12:57  Hydralisk x2  
  169  13:02  Hydralisk  
  169  13:03  Hydralisk x2  
  175  13:06  Hydralisk  
  175  13:08  Hydralisk  
  175  13:10  Hydralisk  
  175  13:11  Hydralisk  
  183  13:19  Hydralisk x3  
  187  13:20  Hydralisk  
  187  13:21  Hydralisk  
  187  13:27  Hydralisk  
  189  13:30  Hydralisk  
  189  13:32  Hydralisk  
  187  13:34  Hydralisk  
  187  13:38  Hydralisk x2  
  187  13:39  Zergling x2  
  190  13:42  Overlord  
  190  13:46  Drone  
  188  13:50  Hydralisk  
  188  13:51  Hydralisk x3  
  180  13:55  Zergling x2  
  180  13:56  Zergling x4  
  180  13:58  Drone  
  180  13:59  Overlord  
  180  14:04  Zergling x6  
  180  14:07  Baneling  
  180  14:08  Baneling  
  180  14:09  Zergling x4  
  185  14:10  Zergling x4  
  185  14:12  Lurker  
  185  14:14  Zergling x2  
  185  14:16  Zergling x2  
  190  14:20  Zergling x4  
  184  14:26  Zergling x4  
  184  14:27  Zergling x2  
  184  14:28  Zergling x4  
  184  14:34  Zergling x4  
  182  14:38  Overlord  
  182  14:39  Overlord x2  
  182  14:43  Overlord  
  182  14:45  Overlord  
  182  14:46  Baneling  
  182  14:47  Baneling x4  
  177  14:54  Overlord  
  177  14:55  Overlord x2  
  177  14:58  Zergling x2  
  177  14:59  Zergling x4  
  178  15:00  Baneling x10  
Show
View Real Time Build Order
Export as new Build Order

MaNa Protoss 

Build Orders: 1 Gate Expand, Oracle Opening, Archon Immortal, Zealot Archon 

Get SALT Encoding   

  12  0:00  Probe (Chrono Boost)  
  13  0:11  Probe (Chrono Boost)  
  14  0:19  Pylon  
  14  0:22  Probe (Chrono Boost)  
  15  0:37  Probe (Chrono Boost)  
  15  0:39  Gateway  
  16  0:47  Probe (Chrono Boost)  
  17  0:50  Assimilator  
  17  0:58  Probe (Chrono Boost)  
  18  1:08  Probe (Chrono Boost)  
  19  1:19  Probe (Chrono Boost)  
  20  1:28  Nexus  
  20  1:35  Cybernetics Core  
  20  1:38  Probe (Chrono Boost)  
  21  1:43  Assimilator  
  21  1:48  Probe (Chrono Boost)  
  21  1:53  Pylon  
  22  1:59  Probe (Chrono Boost)  
  23  2:11  Probe (Chrono Boost), Adept (Chrono Boost)  
  23  2:12  Warp Gate  
  26  2:22  Probe (Chrono Boost)  
  27  2:30  Stargate  
  27  2:34  Probe (Chrono Boost)  
  27  2:36  Adept  
  30  2:41  Probe (Chrono Boost)  
  31  2:45  Probe (Chrono Boost)  
  32  2:51  Probe (Chrono Boost)  
  32  2:55  Probe (Chrono Boost)  
  34  3:02  Probe (Chrono Boost)  
  35  3:06  Probe (Chrono Boost)  
  35  3:11  Probe (Chrono Boost)  
  37  3:13  Oracle (Chrono Boost)  
  37  3:15  Gateway  
  37  3:17  Probe  
  41  3:21  Probe  
  42  3:29  Probe  
  42  3:32  Probe  
  44  3:34  Pylon  
  44  3:41  Probe (Chrono Boost)  
  45  3:43  Probe (Chrono Boost), Nexus  
  46  3:51  Oracle  
  46  3:53  Pylon  
  46  3:54  Probe (Chrono Boost)  
  50  3:58  Assimilator  
  50  4:00  Assimilator  
  50  4:03  Probe (Chrono Boost)  
  50  4:04  Probe (Chrono Boost)  
  52  4:13  Forge  
  52  4:14  Twilight Council  
  52  4:16  Mothership Core (Chrono Boost)  
  54  4:17  Probe (Chrono Boost)  
  55  4:28  Probe (Chrono Boost), Stalker  
  58  4:33  Protoss Ground Weapons Level 1, Robotics Facility  
  60  4:38  Probe (Chrono Boost)  
  60  4:44  Probe (Chrono Boost)  
  60  4:55  Probe x2 (Chrono Boost)  
  60  4:57  Zealot  
  60  4:58  Probe (Chrono Boost), Charge (Chrono Boost)  
  65  5:06  Probe  
  66  5:10  Templar Archives, Gateway  
  66  5:14  Gateway  
  64  5:21  Warp Prism, Gateway  
  64  5:28  Gateway  
  66  5:29  Probe x2  
  66  5:30  Probe, Gateway  
  66  5:40  Probe  
  66  5:41  Probe  
  66  5:42  Probe  
  69  5:46  High Templar x2  
  73  5:51  Probe  
  73  5:53  Probe, Archon  
  73  5:54  Probe  
  74  6:01  Probe  
  73  6:08  Pylon  
  73  6:09  Pylon  
  75  6:11  High Templar  
  75  6:12  Probe  
  75  6:15  Probe  
  77  6:22  Assimilator  
  77  6:25  Probe, Assimilator  
  77  6:26  Probe  
  77  6:27  Probe  
  77  6:28  Protoss Ground Weapons Level 2  
  77  6:30  High Templar x2  
  77  6:31  High Templar, Zealot x3  
  92  6:37  Archon, Pylon  
  92  6:38  Pylon  
  92  6:39  Pylon  
  92  6:41  Pylon  
  92  6:43  Probe  
  93  6:52  Archon  
  93  6:54  Probe  
  93  6:55  Probe, Pylon  
  89  7:10  High Templar x2  
  89  7:11  Zealot x5  
  89  7:14  Probe  
  103  7:15  Probe x2  
  103  7:16  Archon  
  103  7:19  Psionic Storm  
  103  7:20  Pylon  
  110  7:22  Immortal  
  110  7:25  Probe  
  110  7:27  Probe  
  110  7:28  Probe  
  113  7:32  Zealot x4  
  113  7:35  Probe  
  122  7:43  Probe x2  
  108  7:45  High Templar x2  
  106  7:52  High Templar  
  106  7:56  Gateway  
  106  7:57  Probe, Gateway  
  110  8:01  High Templar, Zealot x3  
  117  8:05  Robotics Facility  
  117  8:11  Immortal  
  121  8:15  Pylon  
  121  8:17  Photon Cannon, Gateway  
  121  8:18  Sentry  
  123  8:38  High Templar x2  
  96  8:49  Probe, Zealot x5  
  96  8:50  Probe  
  96  8:51  Probe  
  96  8:54  Archon  
  107  9:03  Probe  
  100  9:10  Zealot x5  
  100  9:11  Immortal (Chrono Boost)  
  100  9:14  Probe  
  100  9:15  Probe x2  
  117  9:20  High Templar x2  
  117  9:22  Immortal (Chrono Boost)  
  125  9:27  Probe  
  126  9:32  Zealot x4  
  126  9:35  Probe  
  126  9:36  Probe  
  136  9:39  Probe  
  136  9:41  Zealot x2  
  135  9:54  Pylon  
  135  9:57  Pylon x2  
  127  10:11  Zealot x6  
  114  10:26  Archon  
  109  10:28  Zealot  
  109  10:30  Probe x2  
  109  10:33  Zealot x4  
  99  10:40  Probe  
  99  10:42  Probe x2  
  85  10:45  High Templar  
  85  10:46  High Templar  
  83  10:54  High Templar x4  
  88  11:00  Archon  
  92  11:06  Observer (Chrono Boost)  
  92  11:07  Sentry, Immortal (Chrono Boost)  
  95  11:20  High Templar x2  
  93  11:34  Probe x2  
  93  11:36  Nexus, Immortal (Chrono Boost)  
  99  11:45  Archon  
  99  11:50  High Templar x2  
  99  11:53  Archon  
  107  11:55  Immortal (Chrono Boost)  
  107  12:02  Probe x2  
  109  12:13  Immortal (Chrono Boost)  
  113  12:24  High Templar x2  
  113  12:28  Archon  
  117  12:39  Immortal (Chrono Boost)  
  120  12:47  Immortal (Chrono Boost)  
  124  12:53  Assimilator  
  123  13:05  Zealot x3  
  123  13:06  Zealot  
  123  13:39  Observer x2 (Chrono Boost)  
  115  13:43  High Templar  
  115  13:52  Nexus  
  105  13:56  Pylon  
  105  14:02  Pylon  
  105  14:07  Pylon  
  105  14:21  High Templar x4  
  113  14:25  Immortal (Chrono Boost)  
  111  14:40  Zealot  
  113  15:01  Nexus  
  104  15:09  Archon  
Tags
 
Add a new tag
Caveats
  • Supply blocks, unpowered buildings, or Contaminate may cause inaccurate times.
  • Supply counts are checked every 10 seconds.